cohdb
Replays
Latest Replays
All Replays
Popular Replays
Top Player Replays
Match Explorer
How It Works
Community
CoH3 Stats
Reddit
Sign in to upload your games and track your stats! →
Sign in with Steam
Match 46809674
Unlisted
Match 46809674
Overview
Messages
Build Orders
End
Pioneer Squad
Construct Infanterie Kompanie
Grenadier Squad
Selects Terror Battlegroup
Selects Machine Gun Camouflage
MG 42 Machine Gun Team
Grenadier Squad
MG 42 Machine Gun Team
Construct Luftwaffe Kompanie
Flak 30 Anti-aircraft Gun Team
Support Elements
Wirbelwind Flakpanzer
Jäger Squad
Medical Bunker
Jäger Squad
Construct Panzer Kompanie
Selects No Quarter
Sturmpanzer IV Brummbär
Stoßtruppen Squad
Selects King Tiger Heavy Tank
King Tiger Heavy Tank
Panzer Officer Quarters
Luftwaffe Officer Quarters
Selects Contempt for the Weak
Selects Propaganda Leaflet Drop
Selects V1 Rocket Strike
V1 Rocket Strike
King Tiger Heavy Tank
UMirinBrah?
Raiden
Cpt Darling
jwalker987
0
0
Comments
sign in to comment!
No comments posted yet!